 Dungeon Crawl Stone Soup version 0.31-a0-542-gdc2a67831c (webtiles) character file.

Game seed: 10876757212062804005

85256 GordonOverkill the Severer (level 15, -2/127 HPs)
             Began as a Vine Stalker Delver on Aug 14, 2023.
             Was the Champion of Trog.
             Slain by an orc warrior
             ... wielding a +4 battleaxe
             ... led by Saint Roka
              (20 damage)
             ... on level 2 of the Orcish Mines.
             The game lasted 00:38:24 (19547 turns).

GordonOverkill the Severer (Vine Stalker Delver)   Turns: 19547, Time: 00:38:25

Health: -2/127     AC: 28    Str: 22    XL:     15   Next: 83%
Magic:  0/20       EV: 10    Int: 10    God:    Trog [******]
Gold:   3124       SH: 18    Dex: 21    Spells: 20/20 levels left

rFire   . . .        a - +9 broad axe (drain)
rCold   . . .        o - +0 tower shield
rNeg    . . .        C - +8 plate armour "Hekh" {Dex+2}
rPois   +            R - +2 helmet
rElec   .            (no cloak)
rCorr   .            Q - +2 pair of gloves
SInv    .            (no boots)
Will    +....        e - amulet of regeneration Stlth
                     Z - +4 ring of slaying
HPRegen 2.01/turn    D - ring of Esyaqazi {Contam rPois EV+5 Dex+3 Stlth+}
MPRegen 0.17/turn

%: guardian spirit
@: berserking (expiring), marked, very quick
A: fangs 3, regeneration 1, magic shield, antimagic bite, no potion heal 2
a: Renounce Religion, Berserk, Trog's Hand, Brothers in Arms


You were on level 2 of the Orcish Mines.
You worshipped Trog.
Trog was exalted by your worship.
You visited 4 branches of the dungeon, and saw 23 of its levels.
You also visited: Ossuary and Bailey.

You collected 3124 gold pieces.

Inventory:

Hand Weapons
 a - a +9 broad axe of draining (weapon)
 b - a +6 war axe of flaming
 j - a +0 broad axe
 O - the +9 war axe of Piususche {freeze, *Rage Dex+8 SInv Stlth-}
   (You took it off an orc priest on level 10 of the Dungeon)

   Dex+8:     It affects your dexterity (+8).
   SInv:      It lets you see invisible.
   *Rage:     It berserks you when you make melee attacks (+20% chance).
   Stlth-:    It makes you less stealthy.
Missiles
 A - 36 poisoned darts (quivered)
 H - 26 boomerangs
 I - 10 curare-tipped darts
 K - 4 atropa-tipped darts
 L - 4 datura-tipped darts
Armour
 o - a +0 tower shield (worn)
 C - the +8 plate armour "Hekh" (worn) {Dex+2}
   (You acquired it on level 7 of the Dungeon)

   Dex+2:     It affects your dexterity (+2).
 Q - a +2 pair of gloves (worn)
 R - a +2 helmet (worn)
Jewellery
 e - an amulet of regeneration (around neck)
 v - a ring of resist corrosion
 z - a ring of positive energy
 D - the ring of Esyaqazi (right hand) {Contam rPois EV+5 Dex+3 Stlth+}
   (You took it off a centaur on level 6 of the Dungeon)

   [ring of evasion]

   EV+5:      It affects your evasion (+5).
   Dex+3:     It affects your dexterity (+3).
   rPois:     It protects you from poison Contam: It causes magical
   contamination when unequipped.
   Stlth+:    It makes you more stealthy.
 M - a ring of protection from cold
 Z - a +4 ring of slaying (left hand)
Wands
 g - a wand of digging (18)
 q - a wand of polymorph (5)
 B - a wand of charming (14)
 E - a wand of roots (14)
 N - a wand of flame (20)
 W - a wand of acid (4)
Scrolls
 c - 5 scrolls of fog
 d - 4 scrolls of enchant weapon
 f - 3 scrolls of revelation
 k - 8 scrolls of teleportation
 l - a scroll of torment
 n - 2 scrolls of enchant armour
 s - a scroll of poison
 t - 3 scrolls of vulnerability
 u - 2 scrolls of blinking
 x - 5 scrolls of fear
 y - 2 scrolls of immolation
 P - 2 scrolls of identify
 U - a scroll of butterflies
Potions
 h - a potion of magic
 i - 3 potions of lignification
 m - 7 potions of mutation
 p - 2 potions of haste
 r - 11 potions of enlightenment
 w - 7 potions of curing
 F - a potion of cancellation
 G - 2 potions of resistance
 J - 3 potions of invisibility
 T - a potion of berserk rage
 V - a potion of might
Miscellaneous
 S - a box of beasts


   Skills:
 + Level 12.5 Fighting
 - Level 2.0 Short Blades
 + Level 16.0(16.3) Axes
 - Level 5.7(11.9) Maces & Flails
 - Level 2.0 Throwing
 + Level 8.7 Armour
 - Level 1.5 Dodging
 - Level 6.0 Stealth
 - Level 10.0 Shields
 - Level 3.0 Spellcasting
 - Level 5.0 Evocations


You had 20 spell levels left.
You didn't know any spells.
Your spell library contained the following spells:

 Spells                   Type           Power      Damage    Failure   Level
 Magic Dart               Conj           4%         1d3       100%        1
 Searing Ray              Conj           2%         2d4       100%        2
 Ozocubu's Armour         Ice            1%         N/A       100%        3
 Fulminant Prism          Conj/Hex       0%         3d5       100%        4
 Ozocubu's Refrigeration  Ice            0%         4d7       100%        7


Dungeon Overview and Level Annotations

Branches:
Dungeon (15/15)            Temple (1/1) D:4            Lair (5/5) D:11
 Shoals (0/4) Lair:2        Snake (0/4) Lair:3        Slime (0/5) Lair:4
    Orc (2/2) D:12         Vaults (0/5) D:14         Depths (0/4) D:15
Ossuary (visited)          Bailey (visited)
    Elf: Orc:2

Altars:
Ashenzari
Cheibriados
Dithmenos
Elyvilon
Fedhas
Gozag
Hepliaklqana
Kikubaaqudgha
Makhleb
Nemelex Xobeh
Okawaru
Qazlal
Ru
Sif Muna
Trog
Uskayaw
Vehumet
Wu Jian
Xom
Yredelemnul
Zin
The Shining One
Jiyva

Shops:
D:4 :   D:8 ?   D:12 =

Annotations:
D:11 2 transporters, Lexodia's ghost, novice MiBe
Lair:4 1 runed translucent door
Orc:2 Saint Roka


Innate Abilities, Weirdness & Mutations

You have razor-sharp teeth.
Your natural rate of healing is unusually fast.
When hurt, damage is shared between your health and your magic reserves.
Your bite disrupts and absorbs the magic of your enemies.
Potions cannot restore your health.


Message History

You kill the orc!
Trog accepts your kill.
You closely miss the orc warrior.
Saint Roka mumbles some strange prayers to Beogh against you.
Beogh smites you!
* * * LOW HITPOINT WARNING * * *
You block the troll's attack. x3
The orc knight hits you with a +0 bardiche.
* * * LOW HITPOINT WARNING * * *
The orc warrior hits you from afar with a +0 glaive!!
* * * LOW HITPOINT WARNING * * *
The orc warrior barely misses you.
Your life force feels restored.
You slice the orc knight!! You bite the orc knight.
You kill the orc knight!
Trog accepts your kill.
You slash the warg! You drain the warg. You slice the orc!!
You kill the orc!
Trog accepts your kill.
You slash the orc warrior! You drain the orc warrior!
You barely miss the troll. You slash the orc warrior!
You block the warg's attack.
Your Axes skill increases to level 16!
An ogre comes into view. It is wielding a +0 giant club.
You block the orc warrior's attack. x2; You block the orc's attack.
You block the orc warrior's attack.
There is a stone staircase leading up, spattered with blood here.
Things that are here:
a +0 bardiche; a +0 chain mail You feel a strong urge to attack something.
Saint Roka hits you with a +2 war axe of flaming!!
* * * LOW HITPOINT WARNING * * *
Saint Roka burns you!
* * * LOW HITPOINT WARNING * * *
The orc warrior barely misses you. You block the troll's attack.
The troll completely misses you. You block the troll's attack.
You block the orc warrior's attack. The orc warrior barely misses you.
The orc barely misses you.
The orc warrior hits you with a +4 battleaxe!!
You die...

................
.................
..................
...............O..
..................
##.................
#.......$o.o)......
#.......ho@oo$.....
.........Too)......
..#.....).o........
........)).........
......)............
......))...........
......))...........
.............#.....
...<...............


You could see Saint Roka, a troll (drained), a warg (very drained), 5 orc
warriors, an ogre, an orc priest (strong) and an orc (strong).

Vanquished Creatures
  A spriggan zombie (D:15)
  A quicksilver dragon skeleton (D:15)
  2 hydras
  The ghost of Morbidden the Destroyer, a journeyman DsCj of Vehumet (D:10)
  2 catoblepae
  6 centaur warriors
  6 boulder beetles
  7 two-headed ogres
  A tengu warrior (D:15)
  A vampire mage (D:15)
  Urug (Lair:4)
  3 death yaks (Lair:5)
  The ghost of BritishOli the Fighter, a novice DsFi of Makhleb (D:7)
  2 skeletal warriors (D:15)
  Lodul (D:12)
  3 wizards
  2 orc knights
  Pikel (D:9)
  2 lindwurms (Lair:5)
  3 harpies (D:13)
  A necromancer (D:15)
  A salamander (shapeshifter) (D:14)
  9 ugly things
  2 orc sorcerers
  4 cyclopes
  5 manticores
  3 black mambas
  18 elephants
  Joseph (D:11)
  8 cane toads
  4 gargoyles
  3 torpor snails
  6 rime drakes
  An unseen horror (shapeshifter) (D:15)
  3 freezing wraiths
  An efreet (D:13)
  6 komodo dragons
  The ghost of Seven7 the Covered, an amateur MiFi (D:3)
  3 meliai (D:15)
  9 trolls
  A hornet (shapeshifter) (D:10)
  3 polar bears
  20 blink frogs
  Prince Ribbit (D:7)
  13 dream sheep
  3 slime creatures (D:15)
  A shadow (D:10)
  2 wraiths
  47 yaks
  A spriggan (Lair:2)
  A vampire (D:13)
  7 wyverns
  19 basilisks
  A steam dragon (D:9)
  5 nagas
  4 vampire mosquitoes (D:13)
  A tengu skeleton (D:15)
  16 water moccasins
  A human skeleton (D:15)
  8 black bears
  17 orc warriors
  2 ice beasts
  3 sky beasts
  11 ogres
  19 wolves
  20 centaurs
  8 kobold brigands
  A phantom (D:5)
  Blork the orc (D:5)
  9 bullfrogs
  6 scorpions
  A gnoll sergeant (D:11)
  A ballistomycete (Lair:4)
  11 killer bees (D:10)
  3 howler monkeys
  2 electric eels
  A jelly (D:4)
  11 orc priests
  2 gnoll boudas
  Ijyb (D:3)
  5 iguanas
  14 orc wizards
  12 mummies (Ossuary)
  19 gnolls
  10 adders
  A shadow imp (D:6)
  A white imp (D:6)
  A worm (D:4)
  2 dart slugs
  62 orcs
  4 endoplasms
  4 giant cockroaches
  12 goblins
  9 hobgoblins
  3 quokkas
  7 ball pythons
  7 bats
  3 frilled lizards (D:2)
  4 gnoll skeletons (Ossuary)
  A goblin skeleton (Ossuary)
  21 kobolds
  A kobold skeleton (Ossuary)
  2 orc skeletons (Ossuary)
  4 rats
  11 rat skeletons (Ossuary)
  A ballistomycete spore (Lair:4)
642 creatures vanquished.

Vanquished Creatures (others)
  An orc priest (D:6)
  4 ballistomycete spores (Lair:4)
5 creatures vanquished.

Grand Total: 647 creatures vanquished

Notes
Turn   | Place    | Note
-------+----------+-------------------------------------------
     0 | D:5      | GordonOverkill the Vine Stalker Delver began the quest for
                  | the Orb.
     0 | D:5      | Reached XP level 1. HP: 11/11 MP: 2/2
    23 | D:6      | Noticed a centaur
    80 | D:6      | Reached XP level 2. HP: 13/16 MP: 0/3
   119 | D:6      | Noticed a bullfrog
   140 | D:6      | Killed a bullfrog
   141 | D:6      | Reached XP level 3. HP: 8/21 MP: 2/4
   141 | D:6      | Gained mutation: Your natural rate of healing is unusually
                  | fast. [Vine Stalker growth]
   141 | D:6      | Reached XP level 4. HP: 10/26 MP: 2/5
   242 | D:5      | Reached skill level 5 in Fighting
   242 | D:5      | Reached XP level 5. HP: 19/30 MP: 2/6
   374 | D:6      | Reached XP level 6. HP: 25/36 MP: 5/7
   426 | D:6      | Reached skill level 1 in Armour
   460 | D:6      | Found a sand-covered staircase.
   468 | Ossuary  | Entered an ossuary
   882 | Ossuary  | Reached XP level 7. HP: 14/40 MP: 0/8
  1204 | D:4      | Reached skill level 1 in Spellcasting
  1280 | D:4      | Found Utsuips's Book Boutique.
  1757 | D:3      | Found a transporter.
  1762 | D:3      | Found a transporter.
  1763 | D:3      | Noticed Seven7's ghost (amateur MiFi)
  3131 | D:3      | Noticed Ijyb
  3134 | D:3      | Reached skill level 1 in Throwing
  3151 | D:3      | Killed Ijyb
  3575 | D:4      | Reached skill level 1 in Shields
  3575 | D:4      | Found a staircase to the Ecumenical Temple.
  3694 | D:4      | Gained mutation: You have razor-sharp teeth. [Vine Stalker
                  | growth]
  3694 | D:4      | Reached XP level 8. HP: 44/44 MP: 13/13
  3724 | Temple   | Entered the Ecumenical Temple
  3738 | Temple   | Became a worshipper of Trog the Wrathful
  4241 | D:5      | Reached skill level 5 in Shields
  4396 | D:5      | Noticed Blork the orc
  4479 | D:5      | Killed Blork the orc
  4988 | D:6      | Reached XP level 9. HP: 49/49 MP: 12/14
  5364 | D:6      | Identified the ring of Esyaqazi {Contam rPois EV+5 Dex+3
                  | Stlth+}
  5379 | D:6      | Reached * piety under Trog
  5716 | D:7      | Found a flagged portal.
  5730 | Bailey   | Entered a bailey
  5774 | Bailey   | Reached skill level 1 in Short Blades
  5890 | Bailey   | Reached skill level 5 in Armour
  5962 | Bailey   | Found a burning altar of Makhleb.
  6104 | D:7      | Noticed Prince Ribbit
  6113 | D:7      | Killed Prince Ribbit
  6224 | D:7      | Reached XP level 10. HP: 57/57 MP: 15/15
  6328 | D:7      | Found a runed translucent gate.
  6477 | D:7      | Found a runed translucent gate.
  6478 | D:7      | Found a runed translucent gate.
  6830 | D:7      | Noticed BritishOli's ghost (novice DsFi)
  6892 | D:7      | Identified a scroll of acquirement
  6894 | D:7      | Acquired the +8 plate armour "Hekh" {Dex+2}
  6980 | D:8      | Found Ohoav's Magic Scroll Shop.
  6982 | D:8      | Noticed a gargoyle
  6991 | D:8      | Killed a gargoyle
  7225 | D:8      | Reached ** piety under Trog
  7473 | D:8      | Identified the +4 hand axe of Absolution {vamp, Dex+4}
  8312 | D:9      | Noticed Pikel
  8321 | D:9      | Killed Pikel
  8817 | D:10     | Entered Level 10 of the Dungeon
  8828 | D:10     | Noticed a two-headed ogre
  8833 | D:10     | Killed a two-headed ogre
  8834 | D:10     | Reached skill level 10 in Fighting
  8834 | D:10     | Reached skill level 5 in Maces & Flails
  9144 | D:10     | Identified the +9 war axe of Piususche {freeze, *Rage Dex+8
                  | SInv Stlth-}
  9175 | D:10     | Reached skill level 1 in Axes
  9175 | D:10     | Reached XP level 11. HP: 63/63 MP: 16/16
  9200 | D:10     | Found a runed translucent door.
  9200 | D:10     | Noticed Morbidden's ghost (journeyman DsCj)
  9296 | D:10     | Noticed a two-headed ogre
  9302 | D:10     | Killed a two-headed ogre
  9303 | D:10     | Reached skill level 3 in Axes
  9360 | D:10     | Reached skill level 4 in Axes
  9469 | D:10     | Noticed a centaur warrior
  9481 | D:10     | Killed a centaur warrior
  9482 | D:10     | Reached skill level 5 in Axes
  9505 | D:10     | Noticed a seven-headed hydra
  9514 | D:10     | Killed a seven-headed hydra
  9515 | D:10     | Reached skill level 6 in Axes
  9649 | D:10     | Found an iron altar of Okawaru.
  9723 | D:10     | Found a snail-covered altar of Cheibriados.
  9755 | D:10     | Found a sparkling altar of Nemelex Xobeh.
  9803 | D:10     | Killed Morbidden's ghost
  9959 | D:3      | Killed Seven7's ghost
  9960 | D:3      | Reached skill level 7 in Axes
 10184 | D:7      | Killed BritishOli's ghost
 10441 | D:11     | Noticed a two-headed ogre
 10447 | D:11     | Killed a two-headed ogre
 10448 | D:11     | Reached skill level 8 in Axes
 10485 | D:11     | Reached skill level 1 in Evocations
 10487 | D:11     | Found a transporter.
 10541 | D:11     | Noticed Lexodia's ghost (novice MiBe)
 10619 | D:11     | Found a transporter.
 10635 | D:11     | Noticed a cyclops
 10641 | D:11     | Killed a cyclops
 10642 | D:11     | Reached XP level 12. HP: 67/67 MP: 17/17
 10707 | D:11     | Noticed Joseph
 10716 | D:11     | Killed Joseph
 10796 | D:11     | Found a staircase to the Lair.
 10870 | D:11     | Reached skill level 9 in Axes
 11185 | D:12     | Found a staircase to the Orcish Mines.
 11207 | D:12     | Noticed a two-headed ogre
 11211 | D:12     | Killed a two-headed ogre
 11519 | D:12     | Noticed a two-headed ogre
 11523 | D:12     | Killed a two-headed ogre
 11635 | D:12     | Found Mellasid's Jewellery Shoppe.
 11695 | D:12     | Noticed Lodul
 11709 | D:12     | Killed Lodul
 11712 | D:12     | Reached skill level 5 in Evocations
 11887 | D:13     | Noticed a boulder beetle
 11888 | D:13     | Noticed a two-headed ogre
 11894 | D:13     | Reached *** piety under Trog
 11898 | D:13     | Killed a two-headed ogre
 11899 | D:13     | Reached skill level 10 in Axes
 11906 | D:13     | Killed a boulder beetle
 12013 | D:13     | Reached skill level 11 in Axes
 12250 | D:13     | Noticed a catoblepas
 12270 | D:13     | Killed a catoblepas
 12271 | D:13     | Reached skill level 12 in Axes
 12271 | D:13     | Reached XP level 13. HP: 72/72 MP: 15/18
 12353 | D:13     | Reached **** piety under Trog
 12374 | D:13     | Reached skill level 13 in Axes
 13342 | D:14     | Found a gate to the Vaults.
 13377 | D:14     | Reached skill level 14 in Axes
 13730 | D:14     | Found a shadowy altar of Dithmenos.
 13952 | D:14     | Reached skill level 15 in Axes
 14103 | D:15     | Entered Level 15 of the Dungeon
 14205 | D:15     | Reached XP level 14. HP: 77/77 MP: 19/19
 14419 | D:15     | Found a staircase to the Depths.
 14529 | D:15     | Identified the +3 helmet "Hufrynt" {Harm rPois rCorr Str-4}
 14595 | D:15     | Reached ***** piety under Trog
 14946 | Lair:1   | Entered Level 1 of the Lair of Beasts
 15640 | Lair:2   | Found a staircase to the Shoals.
 16407 | Lair:3   | Received a gift from Trog
 16481 | Lair:3   | Reached XP level 15. HP: 83/83 MP: 20/20
 16623 | Lair:3   | Found a staircase to the Snake Pit.
 17407 | Lair:4   | You fall into a shaft and drop 1 floor!
 17407 | Lair:5   | Entered Level 5 of the Lair of Beasts
 17547 | Lair:4   | Noticed Urug
 17554 | Lair:4   | Killed Urug
 17653 | Lair:4   | Found a runed translucent door.
 17653 | Lair:4   | Noticed an acid blob
 17654 | Lair:4   | Found a viscous altar of Jiyva.
 17654 | Lair:4   | Noticed an acid blob
 17835 | Lair:4   | Found a bloodstained altar of Trog.
 18151 | Lair:4   | Found a staircase to the Slime Pits.
 18151 | Lair:4   | Noticed an acid blob
 18152 | Lair:4   | Noticed an acid blob
 18153 | Lair:4   | Noticed an acid blob
 18332 | Lair:5   | Received a gift from Trog
 18376 | Lair:5   | Reached skill level 10 in Shields
 19201 | Orc:1    | Entered Level 1 of the Orcish Mines
 19505 | Orc:2    | Entered Level 2 of the Orcish Mines
 19527 | Orc:2    | Reached ****** piety under Trog
 19532 | Orc:2    | Received a gift from Trog
 19533 | Orc:2    | Noticed Saint Roka
 19546 | Orc:2    | Reached skill level 16 in Axes
 19547 | Orc:2    | Slain by an orc warrior

Illustrated notes

Levels and vault maps discovered:
D:1:      amcnicky_arrival_wind_blow, layout_rooms, nicolae_eternal_life
D:2:      layout_basic, st_stairs_3, hangedman_abyss_or_decor_stabs
D:3:      layout_basic, gammafunk_ghost_smash, chequers_serial_rivers_micro_d,
          uniq_ijyb
D:4:      layout_loops_cross, minmay_temple_entry_statues_pillars, serial_shops,
          shop
D:5:      layout_gridville, amethyst_killhole, uniq_blork_the_orc
D:6:      layout_loops_corners, nicolae_ossuary_entry_monument
D:7:      layout_basic, enter_bailey_3, ebering_ghost_rock_garden,
          minmay_chambers_of_fives, uniq_prince_ribbit1
D:8:      layout_basic, serial_shops, nicolae_shop_tiny_statue_garden
D:9:      layout_loops_corners, blue_anna_alchemist, uniq_pikel
D:10:     layout_roguey, kennysheep_okawaru_gauntlet,
          mainiacjoe_overflow_two_lobes, hellmonk_ghost_happy_afterlife,
          moated_statue, grunt_tough_drop
D:11:     layout_cave_pools, minmay_lair_entry_grove,
          gammafunk_ghost_stat_death, serial_bayou_pond_c,
          minmay_sticks_and_stones
D:12:     layout_loops_ring, orc_0_dummy, serial_shops,
          nicolae_shop_tiny_waterfront, uniq_lodul
D:13:     minmay_s_stair_smasher, layout_basic, argonaut_gorgonesque
D:14:     layout_roguey, david_vaults_1, nicolae_dithmenos_the_darkroom,
          kennysheep_generic_room_6
D:15:     gammafunk_depths_entry_grave, layout_loops_ring,
          minmay_misc_feat_encased, gauntlet_entry_generic
Temple:   compressed_dpeg_triangle_lava_temple
Lair:1:   layout_gridlike, grunt_megastairs_2, infiniplex_staircase_pool,
          lemuel_fruit_tree
Lair:2:   layout_long_grid, minmay_shoals_entry_centaurs,
          grunt_forest_stairs_clearing, grunt_megastairs_3
Lair:3:   layout_layer_cave, minmay_snake_entry_guardpost_large
Lair:4:   layout_gridlike, slime_entry_2, lemuel_oklob_altar, uniq_urug
Lair:5:   hangedman_lair_in_review, layout_gridlike
Orc:1:    layout_diamond_mine, serial_shops, nicolae_shop_window_shopping
Orc:2:    grunt_orc_tribal_feast, layout_caves, uniq_jorgrun, uniq_saint_roka

Skill      XL: |  1  2  3  4  5  6  7  8  9 10 11 12 13 14 15 |
---------------+----------------------------------------------+-----
Fighting       | 3 4 5 6 8 10 11 12 | 12.5
Maces & Flails | 2 5 |  5.7
Armour         | 2 3 4 5 7 8 |  8.7
Spellcasting   | 3 |  3.0
Throwing       | 2 |  2.0
Shields        | 2 5 6 7 9 10 | 10.0
Short Blades   | 2 |  2.0
Axes           | 1 8 12 15 16 | 16.0
Evocations     | 2 5 |  5.0
Dodging        | |  1.5
Stealth        | |  6.0

Action                     |  1- 3 |  4- 6 |  7- 9 | 10-12 | 13-15 || total
---------------------------+-------+-------+-------+-------+-------++-------
  Melee: Mace              |    22 |    78 |       |       |       ||   100
         Bite              |     1 |    60 |   145 |   153 |   251 ||   610
         Punch             |       |     4 |     1 |       |       ||     5
         Flail             |       |    93 |   337 |    99 |     4 ||   533
         Short sword       |       |       |   147 |    86 |       ||   233
         War axe           |       |       |       |   232 |   486 ||   718
         Broad axe         |       |       |       |       |   146 ||   146
  Throw: Dart              |       |       |     2 |       |       ||     2
         Boomerang         |       |       |       |     8 |       ||     8
 Invoke: Berserk           |       |       |     2 |    14 |     3 ||    19
         Trog's Hand       |       |       |       |       |     1 ||     1
  Evoke: Wand              |     1 |       |     7 |       |     1 ||     9
    Use: Scroll            |     2 |       |    17 |    11 |     9 ||    39
         Potion            |     1 |       |     2 |       |       ||     3
   Stab: Invisible         |       |       |     3 |       |       ||     3
         Petrified         |       |       |       |       |     2 ||     2
 Armour: Leather armour    |     5 |    12 |     5 |       |       ||    22
         Chain mail        |       |    19 |   233 |       |       ||   252
         Plate armour      |       |       |    64 |   215 |   248 ||   527
  Dodge: Dodged            |    15 |    59 |   158 |   125 |   220 ||   577
  Block: Tower shield      |       |       |   278 |   460 |   632 ||  1370

Table legend: (Time is in decaauts)
 A = Elapsed time spent in this place.
 B = Non-inter-level travel time spent in this place.
 C = Inter-level travel time spent in this place.
 D = Time resting spent in this place.
 E = Time spent auto-exploring this place.
 F = Levels seen in this place.
 G = Mean time per level.
                   A        B        C        D        E       F      G
               +--------+--------+--------+--------+--------+-----+--------+
         Total |  20520 |  18881 |   1639 |   2122 |  11589 |  25 |  820.8 |
       Dungeon |  14901 |  13622 |   1279 |   1869 |   8124 |  15 |  993.4 |
        Temple |     24 |     15 |      9 |      0 |      0 |   1 |   24.0 |
          Lair |   4388 |   4052 |    336 |      2 |   3128 |   5 |  877.6 |
  Orcish Mines |    343 |    330 |     13 |     59 |    184 |   2 |  171.5 |
       Ossuary |    549 |    549 |      0 |    132 |    129 |   1 |  549.0 |
        Bailey |    314 |    314 |      0 |     59 |     23 |   1 |  314.0 |
               +--------+--------+--------+--------+--------+-----+--------+

Top non-repeatable levels by time:
     D:6: 1246 daAuts
    D:13: 1221 daAuts
    D:14: 1219 daAuts
     D:9: 1205 daAuts
     D:7: 1169 daAuts
    D:10: 1159 daAuts
     D:4: 1107 daAuts
     D:5: 1038 daAuts
  Lair:4: 983 daAuts
    D:11: 928 daAuts
  Lair:3: 916 daAuts
  Lair:5: 903 daAuts
     D:8: 859 daAuts
  Lair:2: 810 daAuts
    D:12: 801 daAuts
